 Dungeon Crawl Stone Soup version 0.28.0 (webtiles) character file.

Game seed: 15040915634097931621

154 Sanktem7 the Conjurer (level 5, -4/28 HPs)
             Began as a Deep Elf Conjurer on Feb 7, 2022.
             Was an Initiate of Vehumet.
             Killed from afar by Sigmund (9 damage)
             ... with a puff of flame
             ... on level 4 of the Dungeon.
             The game lasted 00:10:55 (3313 turns).

Sanktem7 the Conjurer (Deep Elf Conjurer)           Turns: 3313, Time: 00:10:55

Health: -4/28      AC:  5    Str:  4    XL:     5   Next: 13%
Magic:  5/13       EV: 12    Int: 25    God:    Vehumet [......]
Gold:   138        SH:  0    Dex: 13    Spells: 9/12 levels left

rFire   . . .      SeeInvis .   b - +2 dagger (drain)
rCold   . . .      Faith    .   (no shield)
rNeg    . . .      Spirit   .   a - +0 robe
rPois   .          Reflect  .   (no helmet)
rElec   +          Harm     +   (no cloak)
rCorr   .          Rampage  .   c - +2 pair of gloves of Hedging {Harm *Slow rElec Regen+}
Will    .....                   (no boots)
Stlth   ++........              (no amulet)
HPRegen 0.89/turn               (no ring)
MPRegen 0.13/turn               (no ring)

@: no status effects
A: no striking features
a: Renounce Religion


You were on level 4 of the Dungeon.
You worshipped Vehumet.
Vehumet was noncommittal.
You visited 1 branch of the dungeon, and saw 4 of its levels.

You collected 138 gold pieces.

Inventory:

Hand Weapons
 b - a +2 dagger of draining (weapon)
Armour
 a - a +0 robe (worn)
 c - the +2 pair of gloves of Hedging (worn) {Harm *Slow rElec Regen+}
   (You acquired it on level 2 of the Dungeon)

   rElec:     It insulates you from electricity.
   Regen:     It increases your rate of health regeneration.
   *Slow:     It may slow you when you take damage.
   Harm:      It increases damage dealt and taken.
Scrolls
 d - 2 scrolls of immolation
 f - a scroll of fear {unknown}
 g - a scroll of enchant weapon {unknown}
Potions
 e - 2 potions of brilliance {unknown}
 h - a potion of curing {unknown}


   Skills:
 + Level 2.7 Dodging
 + Level 2.7 Stealth
 + Level 4.2 Spellcasting
 + Level 6.4 Conjurations


You had 9 spell levels left.
You knew the following spells:

 Your Spells              Type           Power      Damage    Failure   Level
a - Magic Dart            Conj           100%       1d8       1%          1
b - Searing Ray           Conj           74%        2d7       1%          2

Your spell library contained the following spells:

 Spells                   Type           Power      Damage    Failure   Level
 Dazzling Flash           Conj/Hex       42%        N/A       7%          3
 Blink                    Tloc           10%        N/A       14%         2
 Fulminant Prism          Conj/Hex       10%        3d9       24%         4
 Iskenderun's Mystic Bla  Conj/Tloc      21%        2d6       24%         4
 Freezing Cloud           Conj/Ice/Air   8%         6-21      71%         5
 Manifold Assault         Tloc           5%         N/A       94%         5
 Conjure Ball Lightning   Conj/Air       10%        3x3d6     98%         6
 Simulacrum               Ice/Necr       2%         N/A       100%        6
 Storm Form               Tmut/Air       2%         N/A       100%        7
 Discord                  Hex            2%         N/A       100%        8
 Disjunction              Tloc           2%         N/A       100%        8
 Polar Vortex             Ice            2%         N/A       100%        9


Dungeon Overview and Level Annotations

Branches:
Dungeon (4/15)
 Temple: D:4-7

Altars:
Vehumet

Shops:
D:2 (

Annotations:
D:4 Sigmund


Message History

Sigmund barely misses you. Sigmund closely misses you.
Unknown command.
Sigmund gestures at you while chanting. The puff of flame hits you.
* * * LOW HITPOINT WARNING * * *
You bump into the rock wall.
You feel less confused. Sigmund closely misses you.
Unknown command.
Sigmund hits you but does no damage.
Casting: Searing Ray (safe; 1% risk of failure)
Confirm with . or Enter, or press ? or * to list all spells.
Aiming: Searing Ray (safe; 1% risk of failure)
Press: ? - help, Shift-Dir - straight line, f/p - Sigmund
Aim: Sigmund, wielding a +0 scythe and wearing a +2 robe of willpower (almost dead, 78% to hit)
The searing ray misses Sigmund. (Press . to maintain the ray.) Sigmund mumbles some strange words.
Sigmund flickers and vanishes!
Deactivating autopickup; reactivate with Ctrl-A.
Something hits you.
You hear some strange, mumbled words.
A magic dart appears from out of thin air!
The magic dart hits you.
* * * LOW HITPOINT WARNING * * *
You hit something but do no damage.
You hear some strange, mumbled words.
A magic dart appears from out of thin air!
The magic dart hits you.
* * * LOW HITPOINT WARNING * * *
You completely miss something.
You hear some strange, mumbled words.
A puff of flame appears from out of thin air!
The puff of flame misses you.
You closely miss something. Something hits you.
* * * LOW HITPOINT WARNING * * *
A puff of flame appears from out of thin air!
The puff of flame hits you!
You die...

.# ♣. #
####.#... #.
#....#...
#.##........
#...........
#...........
#<......#
####.....$.#
#@..{......#
#.#####.####
+.# .# +.# #
+.# ###


There were no monsters in sight!

Vanquished Creatures
  2 orc wizards (D:3)
  3 adders
  9 orcs (D:3)
  2 ball pythons
  7 bats
  3 endoplasms
  4 giant cockroaches
  7 goblins
  7 hobgoblins
  3 jackals (D:3)
  2 quokkas (D:1)
  5 frilled lizards
  7 kobolds
  4 rats
65 creatures vanquished.

Notes
Turn   | Place    | Note
-------+----------+-------------------------------------------
     0 | D:1      | Sanktem7 the Deep Elf Conjurer began the quest for the Orb.
     0 | D:1      | Reached XP level 1. HP: 10/10 MP: 6/6
   331 | D:1      | Reached XP level 2. HP: 15/15 MP: 6/8
   334 | D:1      | Learned a level 2 spell: Searing Ray
   494 | D:1      | Reached skill level 5 in Conjurations
   833 | D:1      | Found a faded altar of an unknown god.
  1067 | D:1      | Reached XP level 3. HP: 19/19 MP: 6/9
  1633 | D:2      | Found Luix's Weapon Shop.
  1940 | D:2      | Identified a scroll of acquirement
  1941 | D:2      | Acquired the +2 pair of gloves of Hedging {Harm *Slow rElec
                  | Regen+}
  2172 | D:3      | Reached XP level 4. HP: 20/22 MP: 3/11
  2248 | D:3      | Reached skill level 6 in Conjurations
  2791 | D:3      | Reached XP level 5. HP: 28/28 MP: 9/13
  2860 | D:3      | Found a radiant altar of Vehumet.
  3229 | D:3      | Became a worshipper of Vehumet
  3289 | D:4      | Noticed Sigmund
  3313 | D:4      | Killed from afar by Sigmund

Illustrated notes

Levels and vault maps discovered:
D:1:      psy_arrival_radial01, layout_loops_ring,
          hellmonk_ecumenical_altar_leap_of_faith
D:2:      layout_loops_ring, serial_shops, nicolae_shop_hallway_plus
D:3:      layout_loops_ring, vehumet_crystals
D:4:      layout_loops_ring, nicolae_overflow_hallway_of_the_gods,
          mainiacjoe_overflow_big_doors, temple_doors_e, ebering_ghost_sewer_d,
          uniq_sigmund, uniq_pikel, uniq_crazy_yiuf_cottage

Skill      XL: |  1  2  3  4 |
---------------+-------------+-----
Conjurations   | 5 6 |  6.4
Spellcasting   | 4 |  4.2
Dodging        | |  2.7
Stealth        | |  2.7

Action                   |  1- 3 |  4- 6 || total
-------------------------+-------+-------++-------
Melee: Dagger            |     4 |     3 ||     7
 Cast: Magic Dart        |    72 |    55 ||   127
       Searing Ray       |     3 |     2 ||     5
  Use: Scroll            |     3 |       ||     3
Armor: Robe              |     8 |     2 ||    10
Dodge: Dodged            |     7 |     5 ||    12
